AoeStats
← Puffmutti

Arena

509960440Analyzed
2v2 RM · 4d ago on Sep 28, 2026· 43m 34s· 4 players
Game mode
Random Map
Map size
Medium (4 player)
Population
200
Speed
Normal
Resources
Standard
Victory
Conquest
Starting age
Dark Age
Ending age
Imperial Age
RankedLock teamsTeams togetherTeam positionsShared explorationLock speedFull tech treeHidden civsTurbo modeCheats
Victory
Defeat
🇹🇷 Malay · Türkiye
1166
+15
🇵🇪 Persians · Peru
1160
+15
🇩🇪 Khmer · Germany
1162
-16
🇩🇪 Vikings · Germany
1117
-14
Rexlity.-
10:17 Feudal Age
14:00 Castle Age
22:43 Double-Bit Axe
26:52 Bow Saw
27:56 Ballistics
27:47 Loom
28:37 Gold Mining
32:09 Imperial Age
30:22 Gold Shaft Mining
29:44 Fletching
30:40 Bodkin Arrow
31:40 Wheelbarrow
31:18 Forging
31:41 Scale Barding Armor
31:34 Horse Collar
32:53 Iron Casting
32:23 Heavy Scorpion
33:09 Heavy Plow
33:12 Double Crossbow
33:32 Conscription
36:45 Bloodlines
35:56 Light Cavalry
39:18 Scale Mail Armor
40:18 Blast Furnace
39:38 Husbandry
40:48 Chemistry
39:53 Bracer
41:10 Pikeman
Puffmutti
10:51 Feudal Age
12:19 Double-Bit Axe
14:58 Castle Age
12:43 Horse Collar
25:54 Bow Saw
25:47 Heavy Plow
25:39 Gold Mining
29:32 Imperial Age
28:01 Gold Shaft Mining
27:29 Scale Mail Armor
27:39 Forging
29:14 Chain Mail Armor
30:24 Chieftains
30:08 Heavy Scorpion
30:10 Elite Varangian Guard
33:07 Block Printing
35:07 Plate Mail Armor
35:12 Iron Casting
38:47 Pikeman
41:17 Pikeman
Padrino
7:37 Loom
9:46 Feudal Age
13:39 Castle Age
12:05 Double-Bit Axe
14:03 Horse Collar
16:10 Wheelbarrow
19:55 Heavy Plow
23:09 Bow Saw
27:19 Imperial Age
25:13 Hand Cart
25:37 Devotion
27:27 Forging
27:25 Scale Barding Armor
28:00 Cavalier
28:47 Husbandry
29:45 Bloodlines
30:42 Conscription
30:52 Gold Mining
30:46 Savar
32:01 Chain Barding Armor
32:17 Iron Casting
34:17 Two-Man Saw
33:06 Town Watch
34:04 Town Patrol
33:51 Loom
35:38 Gold Shaft Mining
37:34 Plate Barding Armor
38:00 Blast Furnace
Karral
0:26 Loom
11:34 Feudal Age
16:40 Castle Age
14:42 Horse Collar
15:15 Double-Bit Axe
19:33 Heavy Plow
19:44 Bow Saw
23:42 Forging
29:53 Imperial Age
28:18 Wheelbarrow
31:13 Scale Barding Armor
32:36 Elite Battle Elephant
34:32 Iron Casting
35:09 Hand Cart
36:23 Blast Furnace
38:51 Crop Rotation
39:13 Gold Mining
39:14 Stone Mining
43:07 Town Watch
43:48 Conscription
Connection lost

Rejoining the realm…

Still unreachable

The connection could not be restored.

Session expired

The server has moved on; the page needs a fresh start.